 Dungeon Crawl Stone Soup version 0.28.0-53-g5a82cb258f (webtiles) character file.

Game seed: 9931954328458030701

835 PhantomBowie the Covered (level 7, -2/45 HPs)
             Began as a Gargoyle Fighter on June 3, 2022.
             Was an Initiate of Okawaru.
             Slain by a wyvern (6 damage)
             ... on level 5 of the Dungeon.
             The game lasted 00:14:38 (6615 turns).

PhantomBowie the Covered (Gargoyle Fighter)         Turns: 6615, Time: 00:14:39

Health: -2/45      AC: 18    Str: 22    XL:     7   Next: 98%
Magic:  7/7        EV:  6    Int:  8    God:    Okawaru [......]
Gold:   210        SH:  5    Dex:  9    Spells: 6/6 levels left

rFire   . . .      SeeInvis .   s - +4 whip (drain)
rCold   . . .      Faith    .   c - +0 buckler
rNeg    + . .      Spirit   .   r - +0 plate armour
rPois   ∞          Reflect  .   u - +0 helmet
rElec   +          Harm     .   (no cloak)
rCorr   .          Rampage  .   (no gloves)
Will    .....                   (no boots)
Stlth   ..........              (no amulet)
HPRegen 0.15/turn               (no ring)
MPRegen 0.10/turn               (no ring)

@: no status effects
A: sickness immunity, AC +4, negative energy resistance 1, electricity
resistance, torment resistance 1, petrification resistance
a: Renounce Religion


You were on level 5 of the Dungeon.
You worshipped Okawaru.
Okawaru was noncommittal.
You visited 2 branches of the dungeon, and saw 6 of its levels.

You collected 210 gold pieces.

Inventory:

Hand Weapons
 p - a +0 vorpal flail
 s - a +4 whip of draining (weapon)
Missiles
 m - 2 boomerangs (quivered)
 q - 5 poisoned darts
Armour
 c - a +0 buckler (worn)
 r - a +0 plate armour (worn)
 u - a +0 helmet (worn)
Scrolls
 a - 2 scrolls of magic mapping {unknown}
 b - a scroll of teleportation {unknown}
 f - 2 scrolls of fog {unknown}
 g - a scroll of silence {unknown}
 h - 3 scrolls of identify {unknown}
 j - 2 scrolls of vulnerability {unknown}
 k - a scroll of amnesia {unknown}
 l - a scroll of enchant weapon {unknown}
 o - a scroll of summoning {unknown}
 t - a scroll of immolation {unknown}
Potions
 d - a potion of curing {unknown}
 e - a potion of flight {unknown}
 i - a potion of lignification {unknown}
 n - a potion of cancellation {unknown}


   Skills:
 + Level 5.7 Fighting
 + Level 4.6 Maces & Flails
 + Level 5.8 Armour
 + Level 5.7 Shields


You had 6 spell levels left.
You didn't know any spells.
Your spell library contained the following spells:

 Spells                   Type           Power      Damage    Failure   Level
 Pain                     Necr           0%         1d4       100%        1
 Vampiric Draining        Necr           0%         2d6       100%        3
 Animate Skeleton         Necr           Unusable   N/A       N/A         1

Dungeon Overview and Level Annotations

Branches:
Dungeon (5/15)             Temple (1/1) D:4

Altars:
Ashenzari
Cheibriados
Dithmenos
Elyvilon
Gozag
Hepliaklqana
Kikubaaqudgha
Makhleb
Nemelex Xobeh
Okawaru
Qazlal
Ru
Sif Muna
Trog
Uskayaw
Vehumet
Wu Jian
Xom
Yredelemnul
Zin
The Shining One

Shops:
D:3 :

Annotations:
D:4 3 runed translucent doors, Modestlyawesome's ghost, amateur DsWz


Innate Abilities, Weirdness & Mutations

You are immune to sickness and miasma.
Your stone body is resilient. (AC +4)
You are immune to poison.
You resist negative energy. (rN+)
You are resistant to electric shocks. (rElec)
You are resistant to unholy torment.
You are immune to petrification.


Message History

HP restored.
You hear the slow hiss of a distant avalanche of sand.
A jelly comes into view.
The jelly quivers.
You completely miss the jelly. The jelly hits you but does no damage.
You hit the jelly.
Your hands burn!
The jelly is moderately wounded.
The jelly closely misses you.
You whack the jelly! You drain the jelly.
You kill the jelly!
Okawaru accepts your kill.
A hound skeleton comes into view.
Found a mace.
A wyvern comes into view.
The wyvern hisses angrily.
An adder skeleton comes into view.
You see here a bubbling emerald potion.
i - a bubbling emerald potion The hound skeleton closely misses you.
The hound skeleton bites you.
The hound skeleton bites you but does no damage.
You block the wyvern's attack. The wyvern bites you! The wyvern bites you!
The wyvern bites you. The wyvern bites you!
* * * LOW HITPOINT WARNING * * *
You block the wyvern's attack. The wyvern completely misses you.
The wyvern closely misses you. The wyvern bites you.
* * * LOW HITPOINT WARNING * * *
The wyvern bites you but does no damage.
The wyvern bites you but does no damage.
You hear the slow hiss of an avalanche of sand very nearby.
You block the hound skeleton's attack.
The wyvern bites you but does no damage.
There is a stone staircase leading up here.
The wyvern bites you.
You die...

##.....# ###......#
##........#
###.........#
##...........#
###............#
###.Z....<.......#
###.>.......)......#
#..@l..............#
........Z..............#
.....###################
.... ... .. .


You could see a wyvern, an adder skeleton and a hound skeleton.

Vanquished Creatures
  A black bear (D:3)
  2 ogres
  A phantom (D:3)
  A scorpion (D:3)
  A jelly (D:5)
  3 orc priests
  3 iguanas
  An orc wizard (D:4)
  Robin (D:2)
  8 gnolls
  An adder (D:3)
  2 worms (D:3)
  2 dart slugs
  13 orcs
  7 ball pythons
  10 endoplasms
  2 giant cockroaches
  21 goblins
  9 hobgoblins
  4 quokkas
  8 bats
  3 frilled lizards
  5 kobolds
  A quokka skeleton (D:4)
  4 rats
114 creatures vanquished.

Notes
Turn   | Place    | Note
-------+----------+-------------------------------------------
     0 | D:1      | PhantomBowie the Gargoyle Fighter began the quest for the
                  | Orb.
     0 | D:1      | Reached XP level 1. HP: 14/14 MP: 1/1
   350 | D:1      | Reached XP level 2. HP: 18/19 MP: 2/2
   714 | D:1      | Reached XP level 3. HP: 23/23 MP: 3/3
   846 | D:1      | Found a faded altar of an unknown god.
  1052 | D:2      | Noticed Robin
  1198 | D:2      | Killed Robin
  1575 | D:2      | Reached XP level 4. HP: 29/29 MP: 4/4
  2411 | D:2      | Reached XP level 5. HP: 24/33 MP: 5/5
  2473 | D:3      | Found Ciedeker's Book Shoppe.
  2511 | D:3      | Found a stormy altar of Qazlal.
  3377 | D:3      | Reached XP level 6. HP: 18/39 MP: 6/6
  4374 | D:4      | Noticed a black bear
  4465 | D:3      | Reached skill level 5 in Armour
  4465 | D:3      | Reached skill level 5 in Shields
  4749 | D:3      | Reached skill level 5 in Fighting
  4749 | D:3      | Reached XP level 7. HP: 33/44 MP: 7/7
  5530 | D:4      | Found a shimmering altar of Xom.
  5613 | D:4      | Found a hazy altar of Hepliaklqana.
  5948 | D:4      | Found a runed translucent gate.
  5948 | D:4      | Found a runed translucent gate.
  5948 | D:4      | Found a runed translucent gate.
  5949 | D:4      | Noticed Modestlyawesome's ghost (amateur DsWz)
  6171 | D:4      | Found a staircase to the Ecumenical Temple.
  6183 | Temple   | Entered the Ecumenical Temple
  6265 | Temple   | Became a worshipper of Warmaster Okawaru
  6510 | D:5      | Entered Level 5 of the Dungeon
  6583 | D:5      | Noticed a wyvern
  6606 | D:5      | HP: 2/45 [wyvern (4)]
  6615 | D:5      | Slain by a wyvern

Illustrated notes

Levels and vault maps discovered:
D:1:      amcnicky_arrival_double_pillar, layout_loops_ring,
          shapermc_ecumenical_altar_totnotflames, patterned_corridor
D:2:      layout_basic, uniq_robin
D:3:      layout_loops_corners, mainiacjoe_overflow_catwalk, serial_shops,
          nicolae_square_shop, minmay_checkerbox
D:4:      layout_rooms, mainiacjoe_overflow_concentric_impassable,
          mainiacjoe_overflow_paths, temple_hall, ebering_ghost_rock_garden
D:5:      layout_cave_pods, lemuel_coloured_pillars_altar, enter_ossuary_3,
          nicolae_elemental_shop
Temple:   dpeg_five_rooms_temple

Skill      XL: |  1  2  3  4  5  6 |
---------------+-------------------+-----
Armour         | 4 5 |  5.8
Shields        | 4 5 |  5.7
Fighting       | 4 5 |  5.7
Maces & Flails | 3 4 |  4.6

Action                   |  1- 3 |  4- 6 |  7- 9 || total
-------------------------+-------+-------+-------++-------
Melee: Flail             |   127 |   191 |    65 ||   383
       Whip              |       |       |    19 ||    19
  Use: Potion            |       |     1 |     1 ||     2
Armor: Scale mail        |    72 |    72 |    57 ||   201
       Plate armour      |       |       |    12 ||    12
Dodge: Dodged            |    72 |    73 |    39 ||   184
Block: Buckler           |    28 |    33 |    18 ||    79
